AoeStats
← Dara_Shikoh

Arena

509006438Analyzed
4v4 RM · 8d ago on Sep 25, 2026· 34m 56s· 8 players
Game mode
Random Map
Map size
Large (8 player)
Population
200
Speed
Normal
Resources
Standard
Victory
Conquest
Starting age
Dark Age
Ending age
Imperial Age
RankedLock teamsTeams togetherTeam positionsShared explorationLock speedFull tech treeHidden civsTurbo modeCheats
Victory
Defeat
🇨🇱 Mongols · Chile
699
+13
🇦🇷 Slavs · Argentina
636
+16
🇨🇱 Portuguese · Chile
623
+16
🇲🇽 Danes · Mexico
552
+20
🇺🇸 Khmer · United States
676
-18
🇮🇩 Saxons · Indonesia
658
-17
🇵🇪 Bohemians · Peru
622
-16
🇺🇸 Cumans · United States
566
-14
ENIKMA 0666
5:33 Loom
15:01 Feudal Age
15:34 Double-Bit Axe
Dara_Shikoh
0:27 Loom
10:48 Feudal Age
16:29 Castle Age
14:25 Horse Collar
15:03 Double-Bit Axe
17:29 Heavy Plow
17:43 Bow Saw
19:01 Wheelbarrow
19:30 Light Cavalry
22:40 Gold Mining
24:53 Bloodlines
27:57 Hand Cart
28:03 Hand Cart
33:03 Imperial Age
35:06 Imperial Age
37:07 Imperial Age
edgarjpa25
3:20 Loom
11:29 Feudal Age
12:11 Horse Collar
12:18 Double-Bit Axe
20:26 Castle Age
18:39 Man-at-Arms
BlueGuardian
11:03 Feudal Age
11:51 Double-Bit Axe
11:47 Horse Collar
17:44 Castle Age
16:56 Stone Mining
17:04 Loom
17:57 Wheelbarrow
18:10 Scale Mail Armor
Stephani Gotica
9:06 Feudal Age
12:53 Castle Age
11:40 Double-Bit Axe
19:32 Scale Mail Armor
21:05 Bow Saw
20:43 Horse Collar
22:58 Loom
23:48 Wheelbarrow
24:02 Chain Mail Armor
27:56 Heavy Plow
30:43 Forging
31:33 Hand Cart
31:49 Gold Mining
31:50 Stone Mining
32:52 Town Watch
36:48 Imperial Age
35:03 Gold Shaft Mining
35:05 Stone Shaft Mining
35:40 Iron Casting
MartyIgnacio
8:04 Loom
10:07 Feudal Age
14:12 Castle Age
14:04 Double-Bit Axe
19:15 Loom
19:45 Bow Saw
22:56 Horse Collar
23:28 Scale Barding Armor
27:22 Wheelbarrow
27:18 Forging
29:56 Heavy Plow
31:45 Hand Cart
35:24 Iron Casting
35:33 Husbandry
35:44 Bloodlines
dOlebriO
6:56 Loom
9:40 Feudal Age
10:54 Double-Bit Axe
13:30 Wheelbarrow
13:17 Horse Collar
19:11 Castle Age
17:15 Padded Archer Armor
17:06 Fletching
21:46 Gold Mining
22:09 Bow Saw
22:01 Bodkin Arrow
22:21 Leather Archer Armor
23:34 Hand Cart
25:37 Scale Barding Armor
29:03 Chain Barding Armor
28:54 Forging
29:58 Town Watch
30:09 Stone Mining
30:58 Gold Shaft Mining
32:29 Ballistics
33:22 Town Patrol
34:46 Iron Casting
Milli
11:49 Feudal Age
10:05 Loom
12:43 Double-Bit Axe
17:21 Castle Age
17:54 Stone Mining
20:06 Wheelbarrow
19:23 Gold Mining
21:08 Bow Saw
26:24 Hand Cart
33:19 Imperial Age
34:16 Scale Barding Armor
34:22 Forging
33:54 Capped Ram
35:33 Husbandry
35:44 Bloodlines
Connection lost

Rejoining the realm…

Still unreachable

The connection could not be restored.

Session expired

The server has moved on; the page needs a fresh start.